Map: Traitor's Exile

Players

Flyinghobo

  • Race: Zerg Zerg
  • League: Platinum
  • Spawn Location: 6:00

Starmie

  • Race: Protoss Protoss
  • League: Platinum
  • Spawn Location: 5:00

OpuS

  • Race: Protoss Protoss
  • League: Platinum
  • Spawn Location: 12:00

Sketchaphone

  • Race: Zerg Zerg
  • League: Platinum
  • Spawn Location: 9:00

VOD

Have the link to the VOD?

Description

Time

  • Played on: Feb. 18, 2019, 12:04 p.m.
  • Length: 7:44
Show
View Real Time Build Order
Export as new Build Order

Flyinghobo Zerg 

Build Orders: Hatch First 

Get SALT Encoding   

  12  0:01  Drone  
  13  0:09  Drone  
  14  0:17  Overlord  
  14  0:39  Drone x3  
  17  0:57  Drone  
  17  1:01  Hatchery, Extractor  
  17  1:03  Drone  
  17  1:18  Spawning Pool  
  16  1:25  Drone  
  16  1:26  Drone  
  18  1:40  Drone  
  18  1:43  Drone  
  20  1:54  Overlord  
  20  2:05  Queen  
  22  2:12  Metabolic Boost  
  22  2:14  Queen  
  24  2:18  Drone  
  24  2:22  Drone  
  26  2:24  Drone  
  27  2:38  Zergling x6  
  27  2:39  Zergling x2  
  31  2:50  Zergling x4  
  33  2:57  Queen  
  33  2:58  Overlord  
  35  3:07  Zergling x2  
  36  3:17  Zergling x8  
  40  3:21  Lair  
  40  3:26  Zergling x2  
  40  3:27  Zergling x4  
  42  3:40  Zergling x2  
  43  3:43  Overlord x2  
  42  3:56  Zergling x2  
  42  4:01  Overlord x2  
  43  4:04  Zergling x8  
  46  4:24  Zergling x10  
  49  4:40  Zergling x2  
  49  4:41  Zergling x12  
  51  4:52  Zergling x2  
  52  4:53  Zergling x2  
  42  5:27  Zergling x2  
  42  5:28  Zergling x18  
  49  5:41  Zergling x2  
  49  5:42  Zergling x2  
  50  5:47  Hydralisk Den  
  50  5:49  Zergling x2  
  49  6:11  Zergling x2  
  49  6:12  Zergling x18  
  51  6:44  Zergling x2  
  51  6:45  Zergling x20  
  62  6:59  Hatchery  
Show
View Real Time Build Order
Export as new Build Order

Starmie Protoss 

Build Orders: 1 Gate Expand 

Get SALT Encoding   

  12  0:00  Probe  
  13  0:13  Probe  
  14  0:18  Pylon  
  14  0:25  Probe  
  15  0:37  Probe  
  15  0:39  Gateway  
  16  0:49  Probe  
  17  0:50  Assimilator  
  17  1:01  Probe  
  18  1:13  Probe  
  19  1:23  Assimilator  
  19  1:25  Probe  
  20  1:28  Cybernetics Core  
  20  1:43  Nexus  
  20  1:47  Probe  
  21  1:59  Probe  
  22  2:04  Pylon  
  22  2:07  Warp Gate  
  22  2:11  Probe  
  23  2:22  Stalker  
  25  2:24  Probe  
  26  2:36  Probe  
  27  2:39  Twilight Council, Gateway  
  26  3:06  Robotics Facility  
  26  3:13  Charge  
  26  3:14  Gateway  
  26  3:15  Gateway  
  26  3:19  Probe x2  
  28  3:31  Probe  
  28  3:32  Probe  
  30  3:41  Probe x2, Gateway  
  32  3:49  Probe x2  
  34  3:59  Zealot  
  34  4:00  Zealot  
  38  4:13  Pylon  
  38  4:14  Gateway  
  38  4:22  Pylon  
  38  4:32  Gateway  
  38  4:33  Warp Prism, Gateway  
  38  4:35  Pylon  
  40  4:45  Probe  
  41  4:46  Probe  
  42  5:05  Pylon  
  42  5:23  Zealot x2  
  42  5:24  Zealot x4  
  52  5:30  Zealot  
  52  5:31  Zealot  
  52  6:21  Zealot  
  52  6:22  Zealot x4  
  52  6:23  Zealot x3  
  68  6:37  Gateway  
  68  6:38  Gateway  
  68  6:42  Zealot x2  
  68  6:43  Zealot x3  
  78  6:51  Pylon  
  78  6:53  Pylon  
  78  7:08  Zealot x3  
  72  7:09  Zealot  
  72  7:10  Zealot x3  
  72  7:11  Zealot  
  86  7:26  Pylon  
  86  7:29  Zealot  
  88  7:30  Zealot x3  
  94  7:39  Pylon  
  94  7:40  Pylon  
  94  7:42  Pylon  
Show
View Real Time Build Order
Export as new Build Order

OpuS Protoss 

Build Orders:  

Get SALT Encoding   

  12  0:01  Probe  
  13  0:13  Probe  
  14  0:21  Pylon  
  14  0:25  Probe  
  15  0:39  Probe  
  16  0:47  Gateway  
  16  0:52  Probe  
  16  0:53  Assimilator  
  17  1:01  Assimilator  
  17  1:04  Probe  
  18  1:16  Probe, Gateway  
  19  1:27  Probe  
  20  1:34  Cybernetics Core  
  20  1:35  Probe  
  21  1:41  Pylon  
  21  1:46  Probe  
  22  1:58  Probe  
  23  2:10  Stalker x2  
  23  2:13  Warp Gate  
  27  2:40  Nexus  
  27  2:43  Pylon  
  27  2:47  Probe  
  28  2:56  Twilight Council  
  28  3:04  Forge  
  27  3:05  Probe  
  28  3:13  Probe  
  29  3:22  Stalker  
  29  3:25  Charge  
  29  3:26  Stalker  
  33  3:36  Protoss Ground Weapons Level 1  
  29  3:45  Gateway  
  29  4:03  Zealot  
  29  4:05  Zealot  
  33  4:12  Probe  
  33  4:15  Shield Battery  
  34  4:24  Probe  
  34  4:25  Zealot  
  34  4:26  Zealot  
  39  4:36  Probe  
  40  4:39  Probe  
  33  4:47  Zealot x2  
  33  4:48  Probe  
  33  4:51  Probe  
  39  5:00  Zealot  
  39  5:01  Probe  
  39  5:03  Probe  
  39  5:06  Gateway  
  40  5:21  Zealot x2  
  39  5:48  Probe  
  40  5:55  Stalker  
  15  6:31  Shield Battery  
Show
View Real Time Build Order
Export as new Build Order

Sketchaphone Zerg 

Build Orders: Hatch First 

Get SALT Encoding   

  12  0:02  Drone  
  13  0:16  Overlord  
  13  0:21  Drone  
  14  0:31  Drone, Extractor  
  15  0:39  Drone  
  15  0:40  Drone  
  17  0:59  Hatchery  
  17  1:01  Drone  
  17  1:03  Drone  
  18  1:08  Extractor  
  17  1:23  Spawning Pool  
  17  1:24  Drone  
  17  1:26  Drone  
  18  1:32  Drone  
  19  1:42  Overlord  
  19  1:53  Drone  
  20  2:04  Drone  
  21  2:09  Evolution Chamber  
  21  2:10  Queen  
  21  2:11  Metabolic Boost  
  22  2:18  Queen  
  22  2:21  Drone  
  25  2:27  Zergling x2  
  27  2:30  Drone  
  27  2:31  Drone  
  28  2:38  Drone  
  28  2:39  Drone  
  30  2:44  Overlord  
  30  2:52  Zerg Melee Weapons Level 1  
  30  3:04  Zergling x4  
  32  3:06  Drone  
  32  3:07  Overlord  
  33  3:13  Zergling x2  
  33  3:17  Zergling x2  
  35  3:31  Zergling x14  
  41  3:41  Baneling Nest  
  39  3:55  Drone  
  37  3:58  Overlord, Drone  
  38  4:02  Lair  
  38  4:08  Drone  
  39  4:13  Drone x2  
  41  4:19  Zergling x4  
  41  4:21  Hatchery  
  39  4:30  Zergling x6  
  36  4:31  Drone  
  36  4:32  Zergling x2  
  36  4:33  Zergling x2  
  36  4:37  Zergling x4  
  33  4:40  Baneling  
  33  4:41  Baneling  
  33  4:42  Baneling  
  28  5:02  Drone x6  
  28  5:06  Baneling x2  
  32  5:11  Drone x2  
  34  5:15  Drone  
  34  5:16  Baneling  
  35  5:31  Zergling x8  
  39  5:37  Zergling x6  
  42  5:45  Zergling x2  
  43  5:50  Baneling x2  
  43  5:51  Baneling  
  43  5:54  Baneling  
  43  6:19  Zergling x22  
  43  6:24  Queen  
  50  6:26  Drone  
  50  6:27  Evolution Chamber  
  50  6:32  Zergling x4  
  50  6:36  Drone  
  51  6:41  Baneling x2  
  51  6:42  Baneling  
  51  6:43  Drone x2  
  52  7:08  Zergling x16  
  53  7:13  Zergling x6  
  51  7:25  Zergling x6  
Tags
 
Add a new tag
Caveats
  • Supply blocks, unpowered buildings, or Contaminate may cause inaccurate times.
  • Supply counts are checked every 10 seconds.